 Dungeon Crawl Stone Soup version 0.30-a0-122-g2a1322497e (webtiles) character file.

Game seed: 18376333480880246562

64014 bande the Severer (level 15, -4/148 HPs)
             Began as a Hill Orc Fighter on Sept 14, 2022.
             Was the Champion of Beogh.
             Slain by a vault guard
             ... wielding a +3 great mace
              (19 damage)
             ... on level 13 of the Dungeon on Sept 16, 2022.
             The game lasted 00:50:43 (20674 turns).

bande the Severer (Hill Orc Fighter)               Turns: 20674, Time: 00:50:43

Health: -4/148     AC: 37    Str: 21    XL:     15   Next: 11%
Magic:  24/24      EV:  3    Int:  8    God:    Beogh [******]
Gold:   1270       SH: 14    Dex: 19    Spells: 14/14 levels left

rFire   + + +      SeeInvis .    w - +4 war axe (chaos)
rCold   + + +      Faith    .    c - +2 shield of Resistance {rF++ rC++ Will++}
rNeg    + + +      Spirit   .    i - +7 crystal plate armour of the Devil's Advocate {Contam rN+++ Dex+3}
rPois   +          Reflect  .    e - +2 hat
rElec   +          Harm     .    u - +1 cloak
rCorr   +          Rampage  .    p - +2 pair of gloves "Zeebb" {rN++}
Will    +++..                    (no boots)
Stlth   ..........               y - amulet of regeneration
HPRegen 1.14/turn                n - ring of protection from cold
MPRegen 0.19/turn                b - +4 ring of slaying

@: resistant
A: walk on water, robust 1
a: Renounce Religion, Smiting, Recall Orcish Followers, Give Item to Named
Follower, Resurrection


You were on level 13 of the Dungeon.
You worshipped Beogh.
Beogh was exalted by your worship.
You visited 3 branches of the dungeon, and saw 20 of its levels.
You also visited: Bailey.

You collected 2392 gold pieces.
You spent 1122 gold pieces at shops.

Inventory:

Hand Weapons
 w - a +4 war axe of chaos (weapon)
 J - a +1 vorpal war axe
 N - a +3 scimitar of flaming
Armour
 c - the +2 shield of Resistance (worn) {rF++ rC++ Will++}
   (You bought it in a shop on level 13 of the Dungeon)

   rF:        It greatly protects you from fire.
   rC:        It greatly protects you from cold.
   Will:      It greatly increases your willpower.
 e - a +2 hat (worn)
 i - the +7 crystal plate armour of the Devil's Advocate (worn) {Contam rN+++ Dex+3}
   (You acquired it on level 11 of the Dungeon)

   Dex:       It affects your dexterity (+3).
   rN:        It renders you almost immune to negative energy.
   Contam:    It causes magical contamination when unequipped.
 p - the +2 pair of gloves "Zeebb" (worn) {rN++}
   (You bought it in a shop on level 13 of the Dungeon)

   rN:        It greatly protects you from negative energy.
 u - a +1 cloak (worn)
Jewellery
 b - a +4 ring of slaying (right hand)
 j - a ring of protection from cold
 n - a ring of protection from cold (left hand)
 s - a ring of positive energy
 y - an amulet of regeneration (around neck)
 G - an amulet of magic regeneration
 I - a ring of protection from cold
 M - a ring of ice
Wands
 a - a wand of light (9)
 v - a wand of iceblast (9)
 A - a wand of flame (18)
 H - a wand of paralysis (8)
 K - a wand of polymorph (5)
 L - a wand of mindburst (14)
Scrolls
 h - 8 scrolls of teleportation
 m - 3 scrolls of blinking
 x - 5 scrolls of enchant armour
 C - a scroll of amnesia
 D - a scroll of butterflies
 F - a scroll of enchant weapon
 O - 2 scrolls of magic mapping
 Q - 6 scrolls of identify
Potions
 d - 3 potions of might
 f - 4 potions of brilliance
 g - 4 potions of mutation
 l - 2 potions of invisibility
 o - 6 potions of haste
 q - 4 potions of ambrosia
 r - 7 potions of flight
 t - a potion of curing
 z - a potion of cancellation
 E - 2 potions of magic
Miscellaneous
 P - a lightning rod (4/4)
 R - a lightning rod (4/4)


   Skills:
 + Level 13.1 Fighting
 + Level 2.7 Long Blades
 + Level 17.6 Axes
 + Level 13.4 Armour
 + Level 9.3 Shields
 * Level 12.7 Invocations
 * Level 10.4 Evocations


You had 14 spell levels left.
You didn't know any spells.
Your spell library contained the following spells:

 Spells                   Type           Power      Damage    Failure   Level
 Apportation              Tloc           0%         N/A       100%        1
 Foxfire                  Conj/Fire      0%         2x1d4     100%        1
 Freeze                   Ice            0%         1d3       100%        1
 Necrotise                Necr           0%         1d4       100%        1
 Sandblast                Erth           0%         2d4       100%        1
 Summon Small Mammal      Summ           0%         N/A       100%        1
 Blink                    Tloc           0%         N/A       100%        2
 Cigotuvi's Dreadful Rot  Necr/Pois/Air  0%         N/A       100%        2
 Passwall                 Tmut/Erth      0%         N/A       100%        2
 Static Discharge         Conj/Air       0%         3-3/arc   100%        2
 Call Canine Familiar     Summ           0%         N/A       100%        3
 Frozen Ramparts          Ice            0%         1d1       100%        3
 Ignite Poison            Fire/Tmut/Pois 0%         N/A       100%        3
 Inner Flame              Hex/Fire       0%         N/A       100%        3
 Kindle Blastsparks       Fire/Tloc/Air  0%         2d10      100%        3
 Lesser Beckoning         Tloc           0%         N/A       100%        3
 Mephitic Cloud           Conj/Pois/Air  0%         N/A       100%        3
 Portal Projectile        Hex/Tloc       0%         N/A       100%        3
 Stone Arrow              Conj/Erth      0%         3d7       100%        3
 Summon Guardian Golem    Hex/Summ       0%         N/A       100%        3
 Tukima's Dance           Hex            0%         N/A       100%        3
 Dispel Undead            Necr           0%         3d6       100%        4
 Flame Wave               Conj/Fire      0%         2d4       100%        4
 Hailstorm                Conj/Ice       0%         3d3       100%        4
 Manifold Assault         Tloc           0%         N/A       100%        4
 Passage of Golubria      Tloc           0%         N/A       100%        4
 Arcjolt                  Conj/Air       0%         1d10      100%        5
 Blade Hands              Tmut           0%         N/A       100%        5
 Freezing Cloud           Conj/Ice/Air   0%         6-21      100%        5
 Lightning Bolt           Conj/Air       0%         1d11      100%        5
 Summon Forest            Summ/Tloc      0%         N/A       100%        5
 Yara's Violent Unravell  Hex/Tmut       0%         3d3       100%        5
 Death Channel            Necr           0%         N/A       100%        6
 Eringya's Noxious Bog    Tmut/Pois      0%         N/A       100%        6
 Storm Form               Tmut/Air       0%         N/A       100%        7
 Summon Hydra             Summ           0%         N/A       100%        7
 Maxwell's Capacitive Co  Air            0%         ∞         100%        8


Dungeon Overview and Level Annotations

Branches:
Dungeon (13/15)            Temple (0/1) D:5            Lair (5/5) D:11
 Shoals (0/4) Lair:3       Spider (0/4) Lair:2        Slime (0/5) Lair:5
    Orc (2/2) D:12            Elf (0/3) Orc:2        Vaults (0/5) D:13
 Bailey (visited)

Altars:
Dithmenos
Elyvilon
Gozag
Makhleb
Ru
Uskayaw
Vehumet
Yredelemnul
Zin
Jiyva

Shops:
D:9 *   D:10 *   D:13 [[(*   Orc:2 ([:(

Annotations:
D:7 3 runed translucent doors, Jeffwins's ghost, novice HuWn
Lair:1 exclusion: 3 oklob plants


Innate Abilities, Weirdness & Mutations

You can walk on water.
You are robust. (+10% HP)


Message History

The stone giant hits you but does no damage.
The frost giant gestures at you while chanting.
The bolt of cold hits you. You resist.
* * * LOW HITPOINT WARNING * * *
A vault guard comes into view. It is wielding a +0 battleaxe.
You slash the frost giant! You burn the frost giant!
The frost giant is almost dead.
You slash the vault guard!
The vault guard resists with almost no effort.
You slash the stone giant! You freeze the stone giant.
You slash the tengu reaver!
You feel better.
You kill the frost giant!
Beogh accepts your kill. You block the tengu reaver's attack. x2
The tengu reaver claws you but does no damage.
The tengu reaver hits you with a +0 great sword.
* * * LOW HITPOINT WARNING * * *
The tengu reaver pecks you but does no damage.
You block the tengu reaver's attack.
You see here a +2 battleaxe of freezing.
The tengu reaver hits you but does no damage.
The tengu reaver pecks you but does no damage.
You block the tengu reaver's attack.
You slash the vault guard! You freeze the vault guard!
The vault guard is heavily wounded.
You hit the stone giant.
The stone giant changes into a glowing shapeshifter!
You hit the tengu reaver.
The glowing shapeshifter changes into an elephant!
You block the vault guard's attack.
You slice the vault guard!!
The vault guard is severely wounded.
You slash the elephant! You burn the elephant.
You barely miss the tengu reaver. You hit the cyclops. You burn the cyclops.
The cyclops changes into a lindwurm!
You block the tengu reaver's attack. The tengu reaver pecks you.
* * * LOW HITPOINT WARNING * * *
You block the tengu reaver's attack.
The vault guard hits you with a +3 great mace!!
You die...

#... #....#....#." . #...
#....#....+.# . #.p.
##....###'##.# . #.p
##............# . . #..
##.............# .
...##.##..)...........#####
.....)))...................
.......).QpY...............
........pk@................
.........###...............
.........# #...............
########## #..######.......
#..# #....... #### #.......
########


You could see a tengu reaver, 2 vault guards, an elephant shaped shifter and a
lindwurm shaped shifter.

Vanquished Creatures
  Jorgrun (Orc:2)
  A frost giant (D:13)
  Nessos (Orc:2)
  Snorg (Orc:2)
  Fannar (Lair:1)
  3 vault guards (D:13)
  A hydra (Lair:5)
  2 ogre magi (Orc:2)
  2 centaur warriors (D:13)
  A dancing weapon (D:13)
  3 boulder beetles
  A death yak (Lair:4)
  8 two-headed ogres
  A swamp dragon (shapeshifter) (D:13)
  2 orc knights (Orc:2)
  An ugly thing (D:13)
  A cyclops (D:13)
  An elephant (Lair:4)
  A black mamba (Lair:4)
  An orange demon (Lair:1)
  Joseph (D:8)
  An unseen horror (D:11)
  A rime drake (Lair:2)
  Psyche (D:8)
  13 cane toads
  2 komodo dragons
  A tengu conjurer (D:13)
  2 trolls
  2 hornets
  A dream sheep (Lair:5)
  3 tyrant leeches (Lair:5)
  8 blink frogs
  4 slime creatures
  Sigmund (D:3)
  A shadow (D:12)
  2 wraiths
  5 spriggans (Bailey)
  5 wyverns
  A basilisk (Lair:5)
  2 vampires
  Grum (D:8)
  Eustachio (D:6)
  32 yaks
  2 redbacks (Lair:2)
  9 vampire mosquitoes
  3 steam dragons
  3 wargs
  3 acid dragons
  Duvessa (D:6)
  11 water moccasins
  A swamp drake (D:12)
  An ice beast (D:8)
  A sky beast (D:5)
  11 orc warriors
  3 black bears
  10 wolves
  16 ogres
  10 centaurs
  2 phantoms (D:6)
  3 kobold brigands
  Blork the orc (D:6)
  7 bullfrogs
  A necrophage (D:3)
  A gnoll sergeant (D:5)
  3 wights (D:6)
  Dowan (D:6)
  5 howler monkeys
  5 hounds
  2 jellies
  Crazy Yiuf (D:4)
  6 orc priests
  3 iguanas
  10 orc wizards
  6 gnolls
  2 adders
  4 white imps
  2 ufetubi (D:5)
  3 worms
  3 dart slugs
  17 orcs
  7 bats
  3 endoplasms
  7 giant cockroaches
  11 goblins
  9 hobgoblins
  2 quokkas
  4 ball pythons
  A frilled lizard (D:1)
  30 kobolds
  4 rats (D:1)
376 creatures vanquished.

Vanquished Creatures (collateral kills)
  An orc warlord (Orc:2)
  2 vault guards (D:13)
  A centaur warrior (D:13)
  2 ogre magi (Orc:2)
  3 hydras
  Erica (Lair:1)
  A dancing weapon (D:13)
  11 two-headed ogres (Orc:2)
  A tengu warrior (D:13)
  5 deep elf pyromancers (Orc:2)
  An orc sorcerer (Orc:2)
  3 deep elf zephyrmancers (Orc:2)
  An ugly thing (D:11)
  2 oklob plants (Lair:1)
  A cyclops (Orc:2)
  9 elephants
  A black mamba (Lair:2)
  10 cane toads
  A gargoyle (D:12)
  6 komodo dragons
  2 trolls
  2 tyrant leeches (Lair:5)
  9 blink frogs
  3 dream sheep (Lair:5)
  A slime creature (D:12)
  A shadow (D:10)
  7 yaks
  A basilisk (Lair:2)
  3 vampire mosquitoes
  A warg (Orc:1)
  An acid dragon (D:11)
  4 water moccasins
  A floating eye (Lair:1)
  3 orc warriors
  A black bear (D:11)
  15 ogres
  8 wolves
  3 centaurs
  6 bullfrogs
  A howler monkey (D:10)
  An orc priest (D:12)
  4 orc wizards
  4 orcs
  A kobold (D:8)
  2 butterflies (Lair:5)
148 creatures vanquished.

Vanquished Creatures (others)
  Amaemon (Lair:1)
  3 orc knights
  2 orc sorcerers
  A water moccasin (Lair:2)
  10 orc warriors
  3 orc wizards
  6 orc priests
  22 orcs
  42 fungi
  101 plants
191 creatures vanquished.

Grand Total: 715 creatures vanquished

Notes
Turn   | Place    | Note
-------+----------+-------------------------------------------
     0 | D:1      | bande the Hill Orc Fighter began the quest for the Orb.
     0 | D:1      | Reached XP level 1. HP: 19/19 MP: 1/1
   150 | D:1      | Reached XP level 2. HP: 27/27 MP: 2/2
   411 | D:1      | Reached skill level 3 in Axes
   508 | D:1      | Reached XP level 3. HP: 28/33 MP: 3/3
  1064 | D:2      | Found a sacrificial altar of Ru.
  1065 | D:2      | You fall into a shaft and drop 2 floors!
  1098 | D:4      | Reached skill level 4 in Axes
  1098 | D:4      | Reached XP level 4. HP: 24/40 MP: 4/4
  1488 | D:4      | Noticed a steam dragon
  1493 | D:4      | Gained mutation: You are robust. (+10% HP) [potion of
                  | mutation]
  1497 | D:4      | Killed a steam dragon
  1498 | D:4      | Reached skill level 5 in Axes
  1498 | D:4      | Reached XP level 5. HP: 9/51 MP: 5/5
  2258 | D:2      | Found a faded altar of an unknown god.
  2469 | D:2      | Identified the +0 chain mail of Impish Salvation {-Tele
                  | Regen+ Dex+5}
  2573 | D:2      | Reached XP level 6. HP: 56/58 MP: 6/6
  3390 | D:3      | Became a worshipper of Beogh the Brigand
  3399 | D:3      | Noticed Sigmund
  3408 | D:3      | Killed Sigmund
  3409 | D:3      | Reached skill level 6 in Axes
  3409 | D:3      | Reached skill level 5 in Armour
  3434 | D:3      | Found a shadowy altar of Dithmenos.
  3458 | D:3      | Reached XP level 7. HP: 62/66 MP: 7/7
  3802 | D:3      | Reached skill level 7 in Axes
  3951 | D:4      | Noticed a wyvern
  3964 | D:4      | Killed a wyvern
  3965 | D:4      | Reached skill level 5 in Fighting
  4648 | D:4      | Found a runed translucent door.
  4649 | D:4      | Noticed Crazy Yiuf
  4821 | D:4      | Reached skill level 8 in Axes
  5009 | D:4      | Killed Crazy Yiuf
  5193 | D:5      | Entered Level 5 of the Dungeon
  5202 | D:5      | Reached XP level 8. HP: 68/74 MP: 8/8
  5293 | D:5      | Reached skill level 1 in Invocations
  5340 | D:5      | Found a glowing silver altar of Zin.
  5384 | D:5      | Reached * piety under Beogh
  5385 | D:5      | Reached skill level 1 in Evocations
  5554 | D:5      | Found a hide-covered altar of Uskayaw.
  5831 | D:5      | Reached skill level 9 in Axes
  6015 | D:5      | Found a staircase to the Ecumenical Temple.
  6729 | D:6      | Noticed Eustachio
  6745 | D:6      | Killed Eustachio
  6746 | D:6      | Reached skill level 5 in Shields
  6912 | D:6      | Noticed Dowan
  6913 | D:6      | Noticed Duvessa
  6927 | D:6      | Killed Duvessa
  6928 | D:6      | Reached XP level 9. HP: 65/82 MP: 11/11
  6949 | D:6      | Killed Dowan
  7292 | D:6      | Reached skill level 10 in Axes
  7387 | D:6      | Noticed Blork the orc
  7396 | D:6      | Killed Blork the orc
  7790 | D:7      | Found a flagged portal.
  7799 | D:7      | Reached ** piety under Beogh
  7805 | Bailey   | Entered a bailey
  8094 | Bailey   | Noticed a two-headed ogre
  8106 | Bailey   | Killed a two-headed ogre
  8107 | Bailey   | Reached skill level 11 in Axes
  8107 | Bailey   | Reached skill level 5 in Invocations
  8240 | Bailey   | Reached XP level 10. HP: 91/94 MP: 12/14
  8774 | D:7      | Reached skill level 12 in Axes
  8854 | D:7      | Found a runed translucent gate.
  8854 | D:7      | Found a runed translucent gate.
  8854 | D:7      | Found a runed translucent gate.
  8855 | D:7      | Found an opulent altar of Gozag.
  8855 | D:7      | Noticed a kobold demonologist
  8855 | D:7      | Noticed a two-headed ogre
  8855 | D:7      | Noticed Jeffwins's ghost (novice HuWn)
  8883 | D:7      | Found an opulent altar of Gozag.
  9679 | D:8      | Noticed Psyche
  9683 | D:8      | Noticed Grum
  9686 | D:8      | Killed Psyche
  9687 | D:8      | Reached skill level 5 in Evocations
  9728 | D:8      | Killed Grum
  9887 | D:8      | Identified the +1 leather armour of the Original Sin {Harm
                  | rF- Stlth+}
  9957 | D:8      | Reached *** piety under Beogh
 10102 | D:8      | Reached XP level 11. HP: 96/103 MP: 16/16
 10109 | D:8      | Reached skill level 13 in Axes
 10150 | D:8      | Noticed a boulder beetle
 10182 | D:8      | Killed a boulder beetle
 10266 | D:8      | Noticed Joseph
 10284 | D:8      | Killed Joseph
 10411 | D:9      | Found a radiant altar of Vehumet.
 10575 | D:9      | Noticed a boulder beetle
 10585 | D:9      | Killed a boulder beetle
 10586 | D:9      | Reached skill level 14 in Axes
 10589 | D:9      | Found Osturphof's General Store.
 10667 | D:9      | Found a basalt altar of Yredelemnul.
 10888 | D:10     | Entered Level 10 of the Dungeon
 11123 | D:10     | Reached **** piety under Beogh
 11193 | D:10     | Found a burning altar of Makhleb.
 11230 | D:10     | Found Ecank's General Store.
 11789 | D:11     | Noticed a brown ugly thing
 11796 | D:11     | Killed a brown ugly thing
 11856 | D:11     | Found a staircase to the Lair.
 11861 | D:11     | Reached XP level 12. HP: 94/114 MP: 18/18
 11867 | Lair:1   | Entered Level 1 of the Lair of Beasts
 12131 | Lair:1   | Noticed Fannar
 12142 | Lair:1   | Killed Fannar
 12143 | Lair:1   | Reached skill level 15 in Axes
 12332 | Lair:1   | Noticed Amaemon
 12354 | Lair:1   | Killed Amaemon
 12585 | Lair:1   | Noticed Erica
 12595 | Lair:1   | Killed Erica
 12878 | Lair:2   | Reached skill level 10 in Armour
 12887 | Lair:2   | Reached ***** piety under Beogh
 12898 | Lair:2   | Found a hole to the Spider Nest.
 12908 | Lair:2   | Identified the +1 chain mail of the Old World {Drain rElec
                  | Int+6 SInv}
 12989 | Lair:2   | Noticed an eight-headed hydra
 12996 | Lair:2   | Killed a six-headed hydra
 13165 | Lair:2   | Found a white marble altar of Elyvilon.
 13282 | Lair:2   | Noticed an eight-headed hydra
 13290 | Lair:2   | Killed a six-headed hydra
 13295 | Lair:2   | Reached skill level 10 in Fighting
 13795 | Lair:3   | Reached skill level 1 in Long Blades
 13795 | Lair:3   | Reached skill level 16 in Axes
 13876 | Lair:3   | Reached skill level 10 in Invocations
 14106 | Lair:3   | Reached XP level 13. HP: 124/124 MP: 20/20
 14313 | Lair:3   | Gained Morbeogh as an ally
 14426 | Lair:3   | Found a staircase to the Shoals.
 14811 | Lair:4   | Gained Orkrul as an ally
 15440 | Lair:5   | Entered Level 5 of the Lair of Beasts
 15458 | Lair:5   | Gained Harm as an ally
 15656 | Lair:5   | HP: 2/127 [something (16)]
 15888 | Lair:5   | Reached ****** piety under Beogh
 16131 | Lair:5   | Identified the +1 plate armour of Jenuaschi {Int+5}
 16585 | Lair:5   | Found a viscous altar of Jiyva.
 16585 | Lair:5   | Found a staircase to the Slime Pits.
 17137 | D:11     | Identified a scroll of acquirement
 17138 | D:11     | Acquired the +7 crystal plate armour of the Devil's
                  | Advocate {Contam rN+++ Dex+3}
 17168 | D:11     | Upgraded the game from 0.30-a0-121-gb27577e5d9 to
                  | 0.30-a0-122-g2a1322497e
 17306 | D:12     | Reached XP level 14. HP: 109/137 MP: 22/22
 17462 | D:12     | Identified the +2 robe of Guysyasi {Slay+3}
 17968 | D:12     | Found a staircase to the Orcish Mines.
 18100 | Orc:1    | Entered Level 1 of the Orcish Mines
 18451 | Orc:2    | Entered Level 2 of the Orcish Mines
 18452 | Orc:2    | Noticed Snorg
 18471 | Orc:2    | Killed Snorg
 18572 | Orc:2    | Reached skill level 17 in Axes
 18630 | Orc:2    | Found Qimirrymn's Antique Weapon Boutique.
 18630 | Orc:2    | Found Vuemosch's Armour Shoppe.
 18631 | Orc:2    | Found Recron's Book Shoppe.
 18631 | Orc:2    | Found Wagegiv's Antique Weapon Shop.
 18649 | Orc:2    | Your ally Orkrul died
 18650 | Orc:2    | Gained Bolgrim as an ally
 18873 | Orc:2    | Noticed an orc warlord
 18895 | Orc:2    | Killed an orc warlord
 18931 | Orc:2    | Gained Korbok as an ally
 18989 | Orc:2    | Your ally Korbok died
 18990 | Orc:2    | Noticed Jorgrun
 18998 | Orc:2    | Killed Jorgrun
 19138 | Orc:2    | Noticed Nessos
 19148 | Orc:2    | Your ally Bolgrim died
 19166 | Orc:2    | Killed Nessos
 19412 | Orc:2    | Reached skill level 10 in Evocations
 19654 | Orc:2    | Found a staircase to the Elven Halls.
 20175 | D:13     | Found Otaoniul's Antique Armour Shop.
 20183 | D:13     | Bought a pair of warped gloves for 266 gold pieces
 20183 | D:13     | Identified the +2 pair of gloves "Zeebb" {rN++} (You bought
                  | it in a shop on level 13 of the Dungeon)
 20258 | D:13     | Found Axtidun's Mass Market.
 20261 | D:13     | Found Xoz Gaod's Weapon Shoppe.
 20301 | D:13     | Bought a +0 tower shield for 81 gold pieces
 20333 | D:13     | Identified the +8 hand axe "Juad" {vorpal, Contam Drain
                  | +Blink rPois}
 20353 | D:13     | Found a gate to the Vaults.
 20579 | D:13     | Found Coticwe's Armour Shoppe.
 20587 | D:13     | Bought the +2 shield of Resistance {rF++ rC++ Will++} for
                  | 775 gold pieces
 20587 | D:13     | Found the +2 shield of Resistance {rF++ rC++ Will++}
 20636 | D:13     | Noticed a tengu reaver
 20643 | D:13     | Reached XP level 15. HP: 147/147 MP: 24/24
 20643 | D:13     | Noticed a frost giant
 20670 | D:13     | Killed a frost giant
 20674 | D:13     | Slain by a vault guard

Illustrated notes

Levels and vault maps discovered:
D:1:      onia_arrival_pyramid, layout_loops_cross, serial_bayou_lake_a
D:2:      layout_loops_ring, basic_altar, ebering_ecumenical_altar_hall,
          minmay_quantized
D:3:      layout_loops_ring, mainiacjoe_overflow_small_starburst,
          kennysheep_decorative_pillar, serial_bayou_pond_c, uniq_sigmund
D:4:      minmay_general_purpose_star, layout_loops_corners,
          uniq_crazy_yiuf_cottage
D:5:      layout_loops_corners, nicolae_uskayaw_suspiria, zin_statuary,
          minmay_temple_entry_fiery
D:6:      layout_basic, grunt_decor_fettered, uniq_duvessa, uniq_blork_the_orc,
          uniq_eustachio
D:7:      layout_gridville, grunt_gozag_statues, ebering_ghost_gozag,
          enter_bailey_3
D:8:      layout_loops_ring, minmay_misc_feat_iff,
          nicolae_concentric_dashed_squares_mild, minmay_three_doors,
          uniq_joseph, uniq_grum, uniq_psyche
D:9:      layout_gridville, fiery_altar_vehumet, mainiacjoe_overflow_alcove_1,
          serial_shops, nicolae_shop_waterfront, chequers_serial_rivers_micro_c
D:10:     layout_cross, marbit_many_paths, serial_shops, kennysheep_little_box,
          nicolae_figureground_sparkle
D:11:     layout_rooms, grunt_lair_entry_orc_guard_hut,
          hangedman_abyss_or_decor_clamps
D:12:     layout_basic, erik_orc_1
D:13:     minmay_guarded_unrand_sword_of_power, layout_irregular_city,
          erik_vaults_1, serial_shops, shop_statue, nicolae_diamond_shop,
          nicolae_shop_statue_plus, nicolae_shop_bloodbath_and_beyond,
          minmay_shop_mass, minivault_20, grunt_ministairs_6
Lair:1:   layout_gridlike, disabler_island, uniq_amaemon, uniq_fannar,
          uniq_erica
Lair:2:   layout_gridlike, spider_nest_entry_a, basic_altar
Lair:3:   layout_cave_pods, minmay_shoals_entry_centaurs,
          cheibrodos_lair_caveside_slide, grunt_megastairs_1
Lair:4:   layout_misc_corridors, beast_lair_carwin_1
Lair:5:   minmay_lair_end_frog_pond, layout_cave_pods,
          dpeg_slime_entry_enclosed, lemuel_fruit_fields
Orc:1:    layout_caves
Orc:2:    st_orc_ogre_mass, layout_caves, elves_outpost_lemuel, uniq_snorg,
          uniq_nessos, uniq_jorgrun

Skill      XL: |  1  2  3  4  5  6  7  8  9 10 11 12 13 14 15 |
---------------+----------------------------------------------+-----
Axes           | 3 4 5 6 8 9 11 12 14 16 17 | 17.6
Fighting       | 4 5 6 7 9 10 11 12 13 | 13.1
Shields        | 4 5 6 7 8 9 |  9.3
Armour         | 4 5 6 7 8 9 10 11 13 | 13.4
Invocations    | 3 5 7 8 10 11 12 | 12.7
Evocations     | 2 4 5 6 7 9 10 | 10.4
Long Blades    | 1 2 |  2.7

Action                   |  1- 3 |  4- 6 |  7- 9 | 10-12 | 13-15 || total
-------------------------+-------+-------+-------+-------+-------++-------
Melee: War axe           |   110 |    78 |   280 |   398 |   451 ||  1317
       Scimitar          |       |       |       |     5 |     6 ||    11
Invok: Convert to Beogh  |       |     1 |       |       |       ||     1
       Recall Orcish Fol |       |       |       |     1 |       ||     1
  Use: Potion            |       |     3 |       |       |     7 ||    10
       Scroll            |       |     8 |     7 |     5 |     8 ||    28
 Stab: Distracted        |       |       |       |     1 |     3 ||     4
       Confused          |       |       |       |     2 |     7 ||     9
       Petrified         |       |       |       |       |     6 ||     6
       Petrifying        |       |       |       |       |     2 ||     2
Armor: Scale mail        |    51 |    23 |       |       |       ||    74
       Skin              |       |     4 |       |       |       ||     4
       Chain mail        |       |     9 |    84 |       |       ||    93
       Plate armour      |       |       |    94 |   233 |   148 ||   475
       Crystal plate arm |       |       |       |       |   218 ||   218
Dodge: Dodged            |    64 |    25 |    66 |    97 |   101 ||   353
Block: Buckler           |    25 |    23 |    77 |    99 |   110 ||   334
       Tower shield      |       |       |       |       |    22 ||    22
       Kite shield       |       |       |       |       |    18 ||    18

Table legend: (Time is in decaauts)
 A = Elapsed time spent in this place.
 B = Non-inter-level travel time spent in this place.
 C = Inter-level travel time spent in this place.
 D = Time resting spent in this place.
 E = Time spent auto-exploring this place.
 F = Levels seen in this place.
 G = Mean time per level.
                   A        B        C        D        E       F      G
               +--------+--------+--------+--------+--------+-----+--------+
         Total |  20649 |  20172 |    477 |   3731 |  12200 |  21 |  983.3 |
       Dungeon |  12932 |  12610 |    322 |   2313 |   7864 |  13 |  994.8 |
          Lair |   4877 |   4740 |    137 |    327 |   3523 |   5 |  975.4 |
  Orcish Mines |   1931 |   1913 |     18 |    562 |    783 |   2 |  965.5 |
        Bailey |    908 |    908 |      0 |    529 |     30 |   1 |  908.0 |
               +--------+--------+--------+--------+--------+-----+--------+

Top non-repeatable levels by time:
     D:4: 2285 daAuts
     D:6: 1609 daAuts
   Orc:2: 1349 daAuts
  Lair:5: 1238 daAuts
     D:3: 1068 daAuts
     D:1: 1031 daAuts
  Lair:2: 1004 daAuts
  Lair:3: 942 daAuts
     D:5: 941 daAuts
     D:7: 936 daAuts
     D:2: 933 daAuts
  Lair:1: 931 daAuts
  Bailey: 908 daAuts
    D:12: 869 daAuts
     D:8: 784 daAuts
